 Dungeon Crawl Stone Soup version 0.28.0-53-g5a82cb258f (webtiles) character file.

Game seed: 8054004054417273386

48 firemarshallily the Slasher (level 3, -1/28 HPs)
             Began as a Demonspawn Gladiator on Aug 22, 2022.
             Slain by Robin
             ... wielding a +0 spear
              (3 damage)
             ... on level 2 of the Dungeon.
             The game lasted 00:04:52 (1493 turns).

firemarshallily the Slasher (Demonspawn Gladiator)  Turns: 1493, Time: 00:04:52

Health: -1/28      AC:  4    Str: 13 (16) XL:     3   Next: 50%
Magic:  3/3        EV: 12    Int:  6 (9)  God:
Gold:   112        SH:  0    Dex: 13 (14) Spells: 2/2 levels left

rFire   . . .      SeeInvis .   a - +0 long sword
rCold   . . .      Faith    .   (no shield)
rNeg    . . .      Spirit   .   b - +0 leather armour
rPois   .          Reflect  .   c - +0 helmet
rElec   .          Harm     .   (no cloak)
rCorr   .          Rampage  .   (no gloves)
Will    .....                   (no boots)
Stlth   +.........              (no amulet)
HPRegen 0.09/turn               (no ring)
MPRegen 0.08/turn               (no ring)

@: brilliant
A: demonic guardian 1
a: no special abilities


You were on level 2 of the Dungeon.
You visited 1 branch of the dungeon, and saw 2 of its levels.

You collected 112 gold pieces.

Inventory:

Hand Weapons
 a - a +0 long sword (weapon)
Missiles
 d - 3 throwing nets
 e - 6 poisoned darts (quivered)
 g - 38 stones
Armour
 b - a +0 leather armour (worn)
 c - a +0 helmet (worn)
 f - a +0 ring mail
Scrolls
 i - a scroll of fog {unknown}
 l - a scroll of amnesia {unknown}


   Skills:
 * Level 2.8 Fighting
 + Level 3.2 Long Blades
 - Level 2.0 Throwing
 + Level 0.2 Armour
 - Level 3.0 Dodging


You had 2 spell levels left.
You didn't know any spells.
Your spell library was empty.

Dungeon Overview and Level Annotations

Branches:
Dungeon (2/15)

Altars:

Shops:
D:2 (

Annotations:
D:2 exclusion: ogre, Robin


Innate Abilities, Weirdness & Mutations

A weak demonic guardian rushes to your aid.


Message History

Robin throws the goblin at you! The goblin closely misses you.
You hit the goblin.
The goblin is severely wounded.
The goblin hits you with a +0 club. The goblin barely misses you.
Robin hits you from afar with a +0 spear.
The goblin misses you.
You closely miss the goblin.
The goblin is severely wounded.
The goblin hits you but does no damage. Robin throws the goblin at you!
The goblin hits you with a +0 club. The goblin barely misses you.
It was a potion of curing.
You feel better. The goblin misses you. The goblin hits you with a +0 club.
The goblin hits you with a +0 dagger.
You hit the goblin.
You kill the goblin!
The goblin completely misses you. Robin barely misses you.
The goblin barely misses you. x2
You barely miss the goblin.
Robin hits you from afar with a +0 spear.
The goblin hits you but does no damage. The goblin misses you.
You slash the goblin!
You kill the goblin!
The goblin no longer looks unusually strong.
Robin throws the goblin at you!
* * * LOW HITPOINT WARNING * * *
The goblin barely misses you. Robin misses you. The goblin barely misses you.
Items here: $ )) †.
You closely miss the goblin. The goblin barely misses you.
Robin barely misses you. The goblin hits you with a +0 club.
* * * LOW HITPOINT WARNING * * *
It was a potion of brilliance.
You feel clever all of a sudden.
Robin hits you from afar with a +0 spear.
* * * LOW HITPOINT WARNING * * *
A demonic guardian appears!
The goblin closely misses you.
It was a potion of degeneration.
There was something very wrong with that liquid.
You feel weakened.
You feel dopey.
You feel clumsy.
Robin hits you from afar with a +0 spear.
You die...

........................≈P≈♣≈PPPP
..............######....PP≈♣≈≈PPP
..............# #.....P≈≈≈P≈.P
..............# ###..P≈≈.P##.P
..............# #⌠.⌠.≈P≈P###..
..............# ####.∩...♣≈≈# #..
..............###5..⌠.⌠#≈≈≈≈# #.#
.............)g)g.##..##.≈.P###.#
.....#......####@.###.##.P.##....
..........### #..###.##......#.#
..........######....#.##.#####...
...<..#........#..#.#....#####...
.................................
.................................
......##.....##..#####....##.....
......#......##.## ##..#........
.....##..##.....#####....#.......


You could see Robin, a goblin (ally target) and a friendly shadow imp
(summoned).

Vanquished Creatures
  2 dart slugs (D:1)
  A ball python (D:2)
  6 bats
  An endoplasm (D:1)
  11 goblins
  6 hobgoblins
  2 quokkas
  2 frilled lizards (D:2)
  2 kobolds
  4 rats
37 creatures vanquished.

Vanquished Creatures (collateral kills)
  A quokka (D:2)
1 creature vanquished.

Vanquished Creatures (others)
  10 plants (D:2)
10 creatures vanquished.

Grand Total: 48 creatures vanquished

Notes
Turn   | Place    | Note
-------+----------+-------------------------------------------
     0 | D:1      | firemarshallily the Demonspawn Gladiator began the quest
                  | for the Orb.
     0 | D:1      | Reached XP level 1. HP: 16/16 MP: 1/1
   196 | D:1      | Gained mutation: A weak demonic guardian rushes to your
                  | aid. [demonic ancestry]
   196 | D:1      | Reached XP level 2. HP: 22/22 MP: 2/2
   995 | D:2      | Reached XP level 3. HP: 20/28 MP: 3/3
  1144 | D:2      | Found Fusetaq's Antique Weapon Shoppe.
  1243 | D:2      | Noticed an ogre
  1467 | D:2      | Noticed Robin
  1493 | D:2      | Slain by Robin

Illustrated notes

Levels and vault maps discovered:
D:1:      matt_arrival_spirals, layout_loops_ring
D:2:      layout_rooms, serial_shops, shop_fountains, serial_bayou_lagoon_a,
          uniq_robin

Skill      XL: |  1  2  3 |
---------------+----------+-----
Long Blades    | 3 |  3.2
Throwing       | 2 |  2.0
Dodging        | 3 |  3.0
Fighting       | |  2.8
Armour         | |  0.2

Action                   || total
-------------------------++-------
Melee: Long sword        ||   108
       Punch             ||     1
  Use: Potion            ||     3
Armor: Leather armour    ||    32
Dodge: Dodged            ||    91
